 Dungeon Crawl Stone Soup version 0.29.1-13-g9f3cf754e1 (webtiles) character file.

Game seed: 1895612443537878534

40 croobank the Trooper (level 3, -1/29 HPs)
             Began as a Formicid Abyssal Knight on Jan 27, 2023.
             Was a Believer of Lugonu.
             Slain by an adder (3 damage)
             ... on level 2 of the Dungeon.
             The game lasted 00:04:21 (2427 turns).

croobank the Trooper (Formicid Abyssal Knight)      Turns: 2427, Time: 00:04:22

Health: -1/29      AC:  3    Str: 16 (17) XL:     3   Next: 72%
Magic:  4/5        EV: 11    Int: 14 (17) God:    Lugonu [**....]
Gold:   56         SH:  0    Dex: 11 (14) Spells: 2/2 levels left

rFire   . . .      SeeInvis +   a - +1 hand axe
rCold   . . .      Faith    .   (no shield)
rNeg    . . .      Spirit   .   b - +0 leather armour
rPois   .          Reflect  .   (helmet unavailable)
rElec   .          Harm     .   (no cloak)
rCorr   .          Rampage  .   (no gloves)
Will    .....                   (no boots)
Stlth   +.........              (no amulet)
HPRegen 0.09/turn               d - +6 ring of intelligence
MPRegen 0.09/turn               (no ring)

@: brilliant, lethally poisoned (-1 -> -3)
A: permanent stasis, dig shafts and tunnels, antennae 3, four strong arms
a: Dig, Shaft Self, Renounce Religion, Depart the Abyss, Bend Space


You were on level 2 of the Dungeon.
You worshipped Lugonu.
Lugonu was pleased with you.
You visited 1 branch of the dungeon, and saw 2 of its levels.
You visited the Abyss 1 time.

You collected 56 gold pieces.

Inventory:

Hand Weapons
 a - a +1 hand axe (weapon)
 i - a +2 dagger of pain
Armour
 b - a +0 leather armour (worn)
Jewellery
 d - a +6 ring of intelligence (left hand)
Scrolls
 g - a scroll of enchant weapon {unknown}
 h - 2 scrolls of vulnerability {unknown}
Potions
 f - a potion of degeneration


   Skills:
 - Level 3.6 Fighting
 - Level 2.3 Axes
 - Level 2.5 Armour
 - Level 1.3 Dodging
 + Level 1.5 Stealth
 - Level 2.7 Invocations


You had 2 spell levels left.
You didn't know any spells.
Your spell library was empty.

Dungeon Overview and Level Annotations

Branches:
Dungeon (2/15)

Altars:


Innate Abilities, Weirdness & Mutations

You cannot be hasted, slowed, berserked, paralysed or teleported.
You can dig through walls and to a lower floor.
You have a pair of large antennae on your head. (SInv)
Your four strong arms can wield two-handed weapons with a shield.


Message History

The adder bites you. The adder bites you but does no damage.
You miss the adder.
The adder is moderately wounded.
The adder closely misses you. x2
You miss the adder.
The adder is moderately wounded.
The adder completely misses you.
You closely miss the adder.
The adder is moderately wounded.
The adder closely misses you. x2
You closely miss the adder.
The adder is moderately wounded.
The adder bites you.
* * * LOW HITPOINT WARNING * * *
Space bends violently around you!
You blink.
An adder is nearby!
An adder is nearby!
You closely miss the adder.
The adder is moderately wounded.
The adder bites you.
* * * LOW HITPOINT WARNING * * *
You are lethally poisoned!
The adder poisons you!
It was a potion of brilliance.
You feel clever all of a sudden.
* * * LOW HITPOINT WARNING * * *
You feel sick. The adder barely misses you. The adder closely misses you.
As you read the scroll labelled SIWKUESOLOU, it crumbles to dust.
You hear a loud clanging noise!
It was a scroll of noise.
* * * LOW HITPOINT WARNING * * *
You feel sick.
You hear a shout! x2; You hear an angry hiss.
The adder misses you.
As you read the scroll labelled CALUV UFUGGUMI, it crumbles to dust.
Your stasis prevents you from teleporting.
It was a scroll of blinking.
* * * LOW HITPOINT WARNING * * *
You feel sick. The adder bites you.
You die...

.# { .# # .# #. .#
#.### .# #...###.#
#############.....#
...........##.....#
.#########..#@S...+
#.....###.#.....#
#.###.###.#.#####. {
#.# #.#............ #.#
#...##..#####.#
#.#...#####.......
######.############....
.....#...........# ...
.###.#.#####.###.# ## {


You could see an adder.

Vanquished Creatures
  A gnoll (D:1)
  An adder (D:2)
  3 ball pythons
  3 endoplasms
  A giant cockroach (D:1)
  2 goblins (D:1)
  2 quokkas (D:1)
  5 bats (D:1)
  2 frilled lizards (D:1)
  A rat (D:1)
21 creatures vanquished.

Notes
Turn   | Place    | Note
-------+----------+-------------------------------------------
     0 | Abyss:1  | croobank the Formicid Abyssal Knight began the quest for
                  | the Orb.
     0 | Abyss:1  | Reached XP level 1. HP: 18/18 MP: 2/2
     1 | Abyss:1  | Found a corrupted altar of Lugonu.
    12 | D:1      | Escaped the Abyss
   133 | D:1      | Reached skill level 1 in Dodging
   307 | D:1      | Reached XP level 2. HP: 14/24 MP: 3/3
  1012 | D:1      | Found a faded altar of an unknown god.
  1017 | D:1      | Reached XP level 3. HP: 29/29 MP: 4/4
  1949 | D:2      | Reached skill level 1 in Stealth
  2427 | D:2      | Slain by an adder

Illustrated notes

Levels and vault maps discovered:
D:1:      minmay_arrival_four_circles, layout_basic,
          shapermc_ecumenical_altar_starsandcircs, minmay_misc_feat_tower
D:2:      mumra_celtic_spiral_tile, layout_basic

Skill      XL: |  1  2  3 |
---------------+----------+-----
Dodging        | 1 |  1.3
Stealth        | 1 |  1.5
Fighting       | |  3.6
Axes           | |  2.3
Armour         | |  2.5
Invocations    | |  2.7

Action                   || total
-------------------------++-------
Melee: Hand axe          ||    90
       Punch             ||     1
Invok: Bend Space        ||     2
  Use: Potion            ||     3
       Scroll            ||     2
Armor: Leather armour    ||    23
       Skin              ||     6
Dodge: Dodged            ||    76
